 Dungeon Crawl Stone Soup version 0.30-a0-840-ga523dec638 (webtiles) character file.

Game seed: 9368913465357641008

10980 Pimp the Protected (level 11, -13/100 HPs)
             Began as an Armataur Fighter on Mar 1, 2023.
             Was a High Priest of Okawaru.
             Mangled by a death yak simulacrum (29 damage)
             ... on level 13 of the Dungeon.
             The game lasted 00:21:34 (10980 turns).

Pimp the Protected (Armataur Fighter)              Turns: 10980, Time: 00:21:35

Health: -13/100    AC: 16    Str: 26    XL:     11   Next: 43%
Magic:  11/11      EV: 12    Int: 12    God:    Okawaru [*****.]
Gold:   880        SH:  6    Dex: 12    Spells: 10/10 levels left

rFire   + + .      SeeInvis .    u - +8 hammer "Zotoofah" {elec, Contam rF++ Int+4 Dex+2}
rCold   . . .      Faith    .    c - +0 buckler
rNeg    . . .      Spirit   .    t - +2 plate armour
rPois   +          Reflect  .    (no helmet)
rElec   .          Harm     .    M - +0 cloak {rPois}
rCorr   .          Roll     +    (no gloves)
Will    .....                    (no barding) Stlth
                                 G - amulet of regeneration
HPRegen 1.16/turn                n - +5 ring of evasion
MPRegen 0.12/turn                m - ring of flight

@: flying, unable to read
A: large, rugged brown scales 3, deformed body, armoured tail, roll, long
tongue, awkward tongue, inability to read after injury 1, MP-powered wands,
noise suppression
a: Renounce Religion, Heroism, Finesse, Duel


You were on level 13 of the Dungeon.
You worshipped Okawaru.
Okawaru was extremely pleased with you.
You visited 2 branches of the dungeon, and saw 14 of its levels.
You also visited: Ossuary.

You collected 880 gold pieces.

Inventory:

Hand Weapons
 a - a +1 war axe
 l - a +5 vampiric broad axe
 u - the +8 hammer "Zotoofah" (weapon) {elec, Contam rF++ Int+4 Dex+2}
   (You found it on level 3 of the Dungeon)

   Int:       It affects your intelligence (+4).
   Dex:       It affects your dexterity (+2).
   rF:        It greatly protects you from fire.
   Contam:    It causes magical contamination when unequipped.
Missiles
 r - 2 javelins
Armour
 b - a +0 scale mail
 c - a +0 buckler (worn)
 t - a +2 plate armour (worn)
 M - a +0 cloak of poison resistance (worn)
Jewellery
 m - a ring of flight (right hand)
 n - a +5 ring of evasion (left hand)
 p - a ring of willpower
 v - a +6 ring of intelligence
 y - an amulet of magic regeneration
 A - a ring of magical power
 C - an amulet of the acrobat
 G - an amulet of regeneration (around neck)
 L - an amulet of reflection
Wands
 q - a wand of polymorph (13)
 w - a wand of iceblast (13) (quivered)
 E - a wand of light (13)
 F - a wand of flame (28)
Scrolls
 d - a scroll of immolation
 e - a scroll of noise
 f - a scroll of fog
 h - a scroll of silence
 i - 3 scrolls of teleportation
 j - 3 scrolls of enchant weapon
 B - 2 scrolls of fear
Potions
 g - a potion of brilliance
 k - 3 potions of heal wounds
 o - 2 potions of invisibility
 s - 3 potions of flight
 x - 4 potions of curing
 z - 2 potions of attraction
 D - a potion of berserk rage {unknown}
 H - a potion of ambrosia
 I - a potion of lignification


   Skills:
 + Level 8.1 Fighting
 + Level 7.1 Axes
 + Level 10.5 Armour
 + Level 5.9 Dodging
 + Level 9.7 Shields


You had 10 spell levels left.
You didn't know any spells.
Your spell library contained the following spells:

 Spells                   Type           Power      Damage    Failure   Level
 Magic Dart               Conj           0%         1d3       98%         1
 Sandblast                Erth           0%         2d4       98%         1
 Slow                     Hex            0%         N/A       98%         1
 Sting                    Tmut/Pois      0%         1d3       98%         1
 Passwall                 Tmut/Erth      0%         N/A       99%         2
 Poisonous Vapours        Pois/Air       0%         N/A       99%         2
 Confusing Touch          Hex            0%         N/A       100%        3
 Ignite Poison            Fire/Tmut/Pois 0%         N/A       100%        3
 Mephitic Cloud           Conj/Pois/Air  0%         N/A       100%        3
 Portal Projectile        Hex/Tloc       0%         N/A       100%        3
 Stone Arrow              Conj/Erth      0%         3d7       100%        3
 Vampiric Draining        Necr           0%         2d6       100%        3
 Leda's Liquefaction      Hex/Erth       0%         N/A       100%        4
 Olgreb's Toxic Radiance  Pois           0%         N/A       100%        4
 Blade Hands              Tmut           0%         N/A       100%        5
 Conjure Ball Lightning   Conj/Air       0%         3x3d6     100%        6
 Iron Shot                Conj/Erth      0%         9d1       100%        6
 Discord                  Hex            0%         N/A       100%        8
 Disjunction              Tloc           0%         N/A       100%        8
 Call Imp                 Summ           Unusable   N/A       N/A         2
 Call Canine Familiar     Summ           Unusable   N/A       N/A         3
 Animate Armour           Summ/Erth      Unusable   N/A       N/A         4

Dungeon Overview and Level Annotations

Branches:
Dungeon (14/15)            Temple (1/1) D:4             Orc (0/2) D:10
 Vaults (0/5) D:14        Ossuary (visited)
   Lair: D:8-11

Altars:
Ashenzari
Cheibriados
Dithmenos
Elyvilon
Fedhas
Gozag
Hepliaklqana
Kikubaaqudgha
Makhleb
Nemelex Xobeh
Okawaru
Qazlal
Ru
Sif Muna
Trog
Uskayaw
Vehumet
Wu Jian
Xom
Yredelemnul
Zin
The Shining One

Portals:
Ice
Cave: D:13

Annotations:
D:4 exclusion: oklob plant
D:6 2 transporters, mewnfare's ghost, novice DrHu


Innate Abilities, Weirdness & Mutations

You are completely covered in rugged brown scales. (AC +3, +7% HP)
Armour fits poorly on your strangely shaped body.
You have a long armoured tail.
You roll when moving toward enemies. (Rampage)
Your long tongue fully drains potion bottles. (2x potion effects)
Your tongue gives you trouble enunciating. (1.5x scroll delay)
You occasionally lose the ability to read scrolls when taking damage.
You expend magic power (3 MP) to strengthen your wands.
You passively dampen the noise of your surroundings.


Message History

The wolf simulacrum barely misses you. The wolf simulacrum closely misses you.
The troll simulacrum closely misses you.
The troll simulacrum misses you.
You block the troll simulacrum's attack.
You thump the troll simulacrum!
Lightning courses through the troll simulacrum!
The troll simulacrum vaporises!
Okawaru accepts your kill. The wolf simulacrum bites you.
The wolf simulacrum freezes you. The wolf simulacrum barely misses you.
You hit the wolf simulacrum.
Lightning courses through the wolf simulacrum!!
The wolf simulacrum vaporises!
Okawaru accepts your kill. The spriggan simulacrum hits you.
The spriggan simulacrum freezes you!
You sock the spriggan simulacrum!
Lightning courses through the spriggan simulacrum!!
The spriggan simulacrum vaporises!
Okawaru accepts your kill.
You barely miss the troll simulacrum.
You block the troll simulacrum's attack.
The troll simulacrum barely misses you. The troll simulacrum claws you!
The troll simulacrum freezes you!
The death yak simulacrum barely misses you.
You hit the death yak simulacrum.
The death yak simulacrum is lightly damaged.
The troll simulacrum barely misses you.
The troll simulacrum claws you but does no damage.
The troll simulacrum claws you. The troll simulacrum freezes you!
The death yak simulacrum completely misses you.
You bludgeon the troll simulacrum!!
The troll simulacrum is almost destroyed.
The troll simulacrum bites you but does no damage.
The troll simulacrum barely misses you. The troll simulacrum claws you.
The troll simulacrum freezes you!!
You feel threatened and lose the ability to read scrolls!
The death yak simulacrum gores you!
* * * LOW HITPOINT WARNING * * *
The death yak simulacrum freezes you!!
You die...

# .# #####
..# +...###
...#
#>@Z###....#
###ZZ......#
##Z#.....
#....∩..#
###.....#
.....# .$#.#
#...# ..##


You could see 2 death yak simulacra, a cane toad simulacrum and a troll
simulacrum.

Vanquished Creatures
  A two-headed ogre (D:10)
  The ghost of bmack86 the Cleaver, a novice MiFi of Okawaru (D:9)
  2 centaur warriors (D:14)
  A deep elf pyromancer (D:10)
  A deep elf zephyrmancer (D:10)
  Maurice (D:9)
  An unseen horror (D:10)
  2 hornets
  A shadow (D:10)
  A wraith (D:10)
  A wyvern (D:9)
  13 yaks
  An acid dragon (D:10)
  Duvessa (D:7)
  A water moccasin (D:8)
  A swamp drake (D:10)
  An orc warrior (D:6)
  A black bear (D:5)
  An ogre (D:6)
  5 centaurs (D:14)
  2 phantoms (D:10)
  6 kobold brigands
  5 bullfrogs
  An elf zombie (Ossuary)
  A gnoll sergeant (D:9)
  2 necrophages
  3 scorpions
  9 wights
  Dowan (D:7)
  A troll zombie (D:10)
  2 howler monkeys
  A crimson imp (D:10)
  A human zombie (Ossuary)
  2 jellies (D:5)
  4 hounds
  Crazy Yiuf (D:3)
  2 orc priests
  An iron imp (D:10)
  4 iguanas
  Natasha (thrice) (D:2)
  11 orc wizards
  A troll simulacrum (D:13)
  A spriggan simulacrum (D:13)
  2 wolf simulacra (D:13)
  7 ogre zombies (D:10)
  2 mummies (Ossuary)
  13 gnolls
  6 adders
  3 shadow imps
  4 white imps
  3 worms
  15 dart slugs
  32 orcs
  7 ball pythons
  5 bats
  9 endoplasms
  A giant cockroach (D:2)
  5 goblins
  5 hobgoblins
  46 kobolds
  7 quokkas
  3 frilled lizards
  2 gnoll zombies (Ossuary)
  2 goblin skeletons (D:10)
  7 goblin zombies
  3 hobgoblin skeletons (D:10)
  7 hobgoblin zombies
  2 orc skeletons (D:10)
  13 orc zombies
  5 rats
319 creatures vanquished.

Vanquished Creatures (others)
  2 orc wizards
  An orc (D:10)
  A goblin zombie (D:10)
  28 fungi
  71 plants
  15 withered plants (D:2)
118 creatures vanquished.

Grand Total: 437 creatures vanquished

Notes
Turn   | Place    | Note
-------+----------+-------------------------------------------
     0 | D:1      | Pimp the Armataur Fighter began the quest for the Orb.
     0 | D:1      | Reached XP level 1. HP: 19/19 MP: 1/1
   289 | D:1      | Reached XP level 2. HP: 18/26 MP: 2/2
   441 | D:1      | Reached skill level 4 in Armour
   628 | D:1      | Reached XP level 3. HP: 27/33 MP: 3/3
   853 | D:2      | Noticed Natasha
   859 | D:2      | Killed Natasha
   952 | D:2      | Reached XP level 4. HP: 40/40 MP: 4/4
   996 | D:2      | Noticed Natasha
  1005 | D:2      | Killed Natasha
  1206 | D:2      | Noticed Natasha
  1216 | D:2      | Killed Natasha
  1303 | D:2      | Reached XP level 5. HP: 48/48 MP: 5/5
  1614 | D:2      | Found a faded altar of an unknown god.
  1965 | D:3      | Found a sparkling altar of Nemelex Xobeh.
  1976 | D:3      | Found a stormy altar of Qazlal.
  2089 | D:3      | Identified the +7 rapier "Killer Bee's Bane" {freeze, Fly
                  | rN+ rCorr Str-2}
  2207 | D:3      | Found a runed translucent door.
  2224 | D:3      | Noticed Crazy Yiuf
  2238 | D:3      | Identified the +8 hammer "Zotoofah" {elec, Contam rF++
                  | Int+4 Dex+2}
  2260 | D:3      | Killed Crazy Yiuf
  2494 | D:3      | Reached skill level 5 in Armour
  2593 | D:4      | Reached XP level 6. HP: 43/55 MP: 6/6
  2820 | D:4      | Found a sand-covered staircase.
  2826 | Ossuary  | Entered an ossuary
  2841 | Ossuary  | Reached skill level 1 in Dodging
  3134 | D:4      | Reached skill level 5 in Shields
  3203 | D:4      | Found an ancient bone altar of Kikubaaqudgha.
  3307 | D:4      | Reached XP level 7. HP: 59/63 MP: 7/7
  3524 | D:4      | Found a staircase to the Ecumenical Temple.
  3541 | Temple   | Entered the Ecumenical Temple
  3653 | Temple   | Became a worshipper of Warmaster Okawaru
  3676 | D:4      | Found a blossoming altar of Fedhas.
  3690 | D:4      | Noticed an oklob plant
  3901 | D:5      | Entered Level 5 of the Dungeon
  4148 | D:5      | Reached skill level 6 in Armour
  4456 | D:5      | Found an ornate altar of the Wu Jian Council.
  4458 | D:5      | Found a shimmering blue altar of Sif Muna.
  4460 | D:5      | Found a hide-covered altar of Uskayaw.
  4656 | D:5      | Reached XP level 8. HP: 44/71 MP: 8/8
  4933 | D:6      | Reached * piety under Okawaru
  4944 | D:6      | Reached skill level 5 in Fighting
  5223 | D:6      | Reached skill level 7 in Armour
  5394 | D:6      | Noticed mewnfare's ghost (novice DrHu)
  5403 | D:6      | Found a transporter.
  5433 | D:6      | Found a transporter.
  5872 | D:7      | Noticed a hornet
  6403 | D:7      | Reached XP level 9. HP: 70/76 MP: 9/9
  6407 | D:7      | Reached ** piety under Okawaru
  6561 | D:7      | Reached skill level 5 in Axes
  6642 | D:7      | Noticed Dowan
  6642 | D:7      | Noticed Duvessa
  6649 | D:7      | Killed Duvessa
  6652 | D:7      | Killed Dowan
  6653 | D:7      | Reached skill level 8 in Armour
  6997 | D:7      | Found a hazy altar of Hepliaklqana.
  7293 | D:8      | Reached *** piety under Okawaru
  7293 | D:8      | Received a gift from Okawaru
  7404 | D:8      | Gained mutation: You expend magic power (3 MP) to
                  | strengthen your wands. [potion of mutation]
  7404 | D:8      | Gained mutation: Your tail ends in a venomous barb. [potion
                  | of mutation]
  7404 | D:8      | Gained mutation: Your spells are a little easier to cast,
                  | but a little less powerful. [potion of mutation]
  7404 | D:8      | Gained mutation: You are frail. (-10% HP) [potion of
                  | mutation]
  7404 | D:8      | Gained mutation: You passively dampen the noise of your
                  | surroundings. [potion of mutation]
  7405 | D:8      | Lost mutation: You passively dampen the noise of your
                  | surroundings. [potion of mutation]
  7405 | D:8      | Lost mutation: Your tail ends in a venomous barb. [potion
                  | of mutation]
  7405 | D:8      | Lost mutation: Your spells are a little easier to cast, but
                  | a little less powerful. [potion of mutation]
  7405 | D:8      | Lost mutation: You expend magic power (3 MP) to strengthen
                  | your wands. [potion of mutation]
  7405 | D:8      | Lost mutation: You are frail. (-10% HP) [potion of
                  | mutation]
  7405 | D:8      | Gained mutation: You are dopey. (Int -2) [potion of
                  | mutation]
  7405 | D:8      | Gained mutation: You are frail. (-10% HP) [potion of
                  | mutation]
  7405 | D:8      | Gained mutation: You occasionally shout uncontrollably at
                  | your foes. [potion of mutation]
  7405 | D:8      | Gained mutation: You are weak. (Str -2) [potion of
                  | mutation]
  7405 | D:8      | Gained mutation: You are somewhat resistant to further
                  | mutation. [potion of mutation]
  7406 | D:8      | Lost mutation: You are weak. (Str -2) [potion of mutation]
  7406 | D:8      | Lost mutation: You are somewhat resistant to further
                  | mutation. [potion of mutation]
  7406 | D:8      | Lost mutation: You are frail. (-10% HP) [potion of
                  | mutation]
  7406 | D:8      | Lost mutation: You occasionally shout uncontrollably at
                  | your foes. [potion of mutation]
  7406 | D:8      | Lost mutation: You are dopey. (Int -2) [potion of mutation]
  7406 | D:8      | Gained mutation: Potions are less effective at restoring
                  | your health. [potion of mutation]
  7406 | D:8      | Gained mutation: You are weak. (Str -2) [potion of
                  | mutation]
  7406 | D:8      | Gained mutation: Your tail ends in a venomous barb. [potion
                  | of mutation]
  7406 | D:8      | Gained mutation: Your spells are a little easier to cast,
                  | but a little less powerful. [potion of mutation]
  7406 | D:8      | Lost mutation: You are weak. (Str -2) [potion of mutation]
  7406 | D:8      | Gained mutation: You are agile. (Dex +4, Str/Int -1)
                  | [potion of mutation]
  7407 | D:8      | Lost mutation: Potions are less effective at restoring your
                  | health. [potion of mutation]
  7407 | D:8      | Lost mutation: Your tail ends in a venomous barb. [potion
                  | of mutation]
  7407 | D:8      | Lost mutation: Your spells are a little easier to cast, but
                  | a little less powerful. [potion of mutation]
  7407 | D:8      | Lost mutation: You are agile. (Dex +4, Str/Int -1) [potion
                  | of mutation]
  7407 | D:8      | Gained mutation: Your body sometimes deteriorates upon
                  | taking damage. [potion of mutation]
  7407 | D:8      | Gained mutation: Your spells are a little harder to cast,
                  | but a little more powerful. [potion of mutation]
  7407 | D:8      | Gained mutation: You have sharp toenails. [potion of
                  | mutation]
  7407 | D:8      | Gained mutation: You are somewhat resistant to further
                  | mutation. [potion of mutation]
  7408 | D:8      | Lost mutation: Your body sometimes deteriorates upon taking
                  | damage. [potion of mutation]
  7408 | D:8      | Lost mutation: You have sharp toenails. [potion of
                  | mutation]
  7408 | D:8      | Lost mutation: You are somewhat resistant to further
                  | mutation. [potion of mutation]
  7408 | D:8      | Lost mutation: Your spells are a little harder to cast, but
                  | a little more powerful. [potion of mutation]
  7408 | D:8      | Gained mutation: You expend magic power (3 MP) to
                  | strengthen your wands. [potion of mutation]
  7408 | D:8      | Gained mutation: You occasionally lose the ability to read
                  | scrolls when taking damage. [potion of mutation]
  7408 | D:8      | Gained mutation: You passively dampen the noise of your
                  | surroundings. [potion of mutation]
  8104 | D:9      | Reached XP level 10. HP: 68/89 MP: 10/10
  8252 | D:8      | Reached skill level 9 in Armour
  8532 | D:9      | Found a runed translucent door.
  8534 | D:9      | Noticed bmack86's ghost (novice MiFi)
  8596 | D:9      | Reached **** piety under Okawaru
  8877 | D:9      | Killed bmack86's ghost
  9259 | D:9      | Reached skill level 5 in Dodging
  9559 | D:9      | Noticed Maurice
  9585 | D:9      | Killed Maurice
  9701 | D:9      | Paralysed by a hornet for 1 turns
  9704 | D:9      | Paralysed by a hornet for 1 turns
 10011 | D:10     | Entered Level 10 of the Dungeon
 10011 | D:10     | Found a staircase to the Orcish Mines.
 10252 | D:10     | Reached ***** piety under Okawaru
 10362 | D:10     | Noticed a two-headed ogre
 10371 | D:10     | Killed a two-headed ogre
 10372 | D:10     | Reached skill level 10 in Armour
 10372 | D:10     | Reached XP level 11. HP: 45/98 MP: 11/11
 10654 | D:10     | Noticed a deep elf zephyrmancer
 10658 | D:10     | Killed a deep elf zephyrmancer
 10658 | D:10     | Received a gift from Okawaru
 10666 | D:10     | Noticed a deep elf pyromancer
 10671 | D:10     | Killed a deep elf pyromancer
 10753 | D:11     | Noticed a two-headed ogre
 10814 | D:11     | Got Neqepir's Tome of the Tincture
 10840 | D:11     | You are sucked into a shaft and drop 3 floors!
 10847 | D:14     | Noticed a centaur warrior
 10856 | D:14     | Killed a centaur warrior
 10882 | D:14     | Found a gate to the Vaults.
 10882 | D:14     | Noticed a purple ugly thing
 10882 | D:14     | Noticed a vault guard
 10882 | D:14     | Noticed a vault guard
 10882 | D:14     | Noticed a vault guard
 10882 | D:14     | Noticed a green ugly thing
 10882 | D:14     | Noticed a vault guard
 10888 | D:14     | Noticed a centaur warrior
 10902 | D:14     | Killed a centaur warrior
 10908 | D:14     | Received a gift from Okawaru
 10967 | D:13     | Found a frozen archway.
 10980 | D:13     | Mangled by a death yak simulacrum

Illustrated notes

Levels and vault maps discovered:
D:1:      dpeg_arrival_shelter, layout_loops_cross, minmay_quantized
D:2:      minmay_skewed_foursquare, layout_rooms,
          shapermc_ecumenical_altar_flowoftime, minivault_14,
          minmay_misc_feat_nine_boxes, st_stairs_4, kennysheep_path_1,
          minmay_statues_item, minmay_tetromino_s4, uniq_natasha
D:3:      kennysheep_slugbush, layout_basic,
          mainiacjoe_overflow_large_starburst, uniq_crazy_yiuf_cottage
D:4:      layout_basic, kiku_gazebo_garden_becter, tgw_fedhas,
          minmay_temple_entry_trees, nicolae_ossuary_entry_plus
D:5:      layout_cave_pods, grunt_temple_overflow_diamond
D:6:      layout_loops_ring, gammafunk_ghost_stat_death, grunt_ministairs_13
D:7:      layout_loops_corners, mainiacjoe_overflow_surrounded_room,
          nicolae_hexahallways, uniq_duvessa
D:8:      layout_loops_ring
D:9:      layout_small_grid, ebering_ghost_inner_flame,
          hangedman_abyss_or_decor_passed, uniq_maurice
D:10:     layout_basic, zombieorc2_lemuel, hangedman_minor_magic
D:11:     layout_gridville, grunt_lair_entry_orc_guard_hut, serial_shops,
          nicolae_shop_crystal, gauntlet_entry_generic, laboratory, uniq_lodul
D:13:     layout_roguey, portal_ice_cave_entry_ice_simulacra
D:14:     minmay_goldmine, layout_stronghold, lightli_vaults_fourway_checkpoint,
          hex_tiny
Temple:   nicolae_temple_great_sept

Skill      XL: |  1  2  3  4  5  6  7  8  9 10 11 |
---------------+----------------------------------+-----
Fighting       | 3 4 5 6 7 8 |  8.1
Armour         | 4 5 6 7 8 10 | 10.5
Axes           | 2 3 4 5 6 7 |  7.1
Shields        | 4 5 6 7 9 |  9.7
Dodging        | 1 2 3 4 5 |  5.9

Action                     |  1- 3 |  4- 6 |  7- 9 | 10-12 || total
---------------------------+-------+-------+-------+-------++-------
  Melee: War axe           |    84 |   119 |       |       ||   203
         Tailslap          |     1 |    31 |    34 |    46 ||   112
         Mace              |       |    91 |   307 |   295 ||   693
  Evoke: Wand              |       |       |     2 |     3 ||     5
    Use: Scroll            |       |     1 |    15 |     6 ||    22
         Potion            |       |     1 |     6 |     3 ||    10
 Armour: Scale mail        |    54 |    31 |       |       ||    85
         Plate armour      |       |    73 |   200 |   257 ||   530
  Dodge: Dodged            |    36 |   108 |   178 |   218 ||   540
  Block: Buckler           |    18 |    49 |    95 |   125 ||   287

Table legend: (Time is in decaauts)
 A = Elapsed time spent in this place.
 B = Non-inter-level travel time spent in this place.
 C = Inter-level travel time spent in this place.
 D = Time resting spent in this place.
 E = Time spent auto-exploring this place.
 F = Levels seen in this place.
 G = Mean time per level.
                   A        B        C        D        E       F      G
               +--------+--------+--------+--------+--------+-----+--------+
         Total |  11263 |  10898 |    365 |   1927 |   6475 |  15 |  750.9 |
       Dungeon |  10884 |  10544 |    340 |   1927 |   6239 |  13 |  837.2 |
        Temple |    124 |     99 |     25 |      0 |     69 |   1 |  124.0 |
       Ossuary |    253 |    253 |      0 |      0 |    167 |   1 |  253.0 |
               +--------+--------+--------+--------+--------+-----+--------+

Top non-repeatable levels by time:
     D:9: 1754 daAuts
     D:7: 1380 daAuts
     D:6: 1089 daAuts
     D:8: 1064 daAuts
     D:2: 979 daAuts
     D:4: 972 daAuts
     D:5: 955 daAuts
     D:3: 903 daAuts
     D:1: 800 daAuts
    D:10: 797 daAuts
 Ossuary: 253 daAuts
    D:14: 134 daAuts
  Temple: 124 daAuts
    D:11: 38 daAuts
    D:13: 14 daAuts
